 Dungeon Crawl Stone Soup version 0.21.1-1-g345015f (webtiles) character file.

569 letownia2 the Insei (level 7, 50/50 HPs)
             Began as a Merfolk Transmuter on Mar 20, 2018.
             Quit the game in the Ecumenical Temple.
             The game lasted 00:09:17 (1702 turns).

letownia2 the Insei (Merfolk Transmuter)            Turns: 1702, Time: 00:09:19

Health: 50/50      AC:  3    Str: 12    XL:     7   Next: 33%
Magic:  10/10      EV: 13    Int: 13    God:
Gold:   112        SH:  0    Dex: 14    Spells: 4/10 levels left

rFire    . . .     SeeInvis .     - Unarmed
rCold    . . .     Gourm    .   (no shield)
rNeg     . . .     Faith    .   b - +0 robe
rPois    .         Spirit   .   (no helmet)
rElec    .         Reflect  .   (no cloak)
rCorr    .         Harm     .   (no gloves)
MR       .....                  k - +0 pair of boots
Stlth    +.........             v - amulet of regeneration
HPRegen  0.56/turn              (no ring)
MPRegen  0.12/turn              (no ring)

@: no status effects
A: change form in water, swift swim, stealthy swim
a: no special abilities


You were in the Ecumenical Temple.
You were not hungry.

You visited 2 branches of the dungeon, and saw 7 of its levels.

You collected 112 gold pieces.

Inventory:

Hand Weapons
 q - a +0 spear
Missiles
 a - 33 arrows
 f - 5 poisoned needles
Armour
 b - a +0 robe (worn)
 j - a +0 helmet
 k - a +0 pair of boots (worn)
 p - a +0 ring mail
 s - a +0 leather armour
Jewellery
 v - an amulet of regeneration (around neck)
Wands
 w - a wand of polymorph (15)
 z - a wand of scattershot (2)
Scrolls
 e - 5 scrolls of remove curse {unknown}
 i - 2 scrolls of immolation {unknown}
 l - 2 scrolls of identify {unknown}
 n - a scroll of random uselessness {unknown}
 r - a scroll of fear {unknown}
 y - a scroll of enchant weapon {unknown}
Potions
 g - 2 potions of flight {unknown}
 h - 4 potions of agility {unknown}
 m - a potion of magic {unknown}
 o - a potion of degeneration {unknown}
 x - a potion of curing {unknown}
 A - a potion of mutation {unknown}
Books
 c - a book of Changes

   Spells                             Type                      Level
   a - Beastly Appendage              Transmutation                1
   b - Sticks to Snakes               Transmutation                2
   c - Spider Form                    Transmutation/Poison         3
   d - Ice Form                       Ice/Transmutation            4
   e - Blade Hands                    Transmutation                5
 u - a book of Air

   Spells                             Type                      Level
   a - Shock                          Conjuration/Air              1
   b - Swiftness                      Charms/Air                   2
   c - Static Discharge               Conjuration/Air              3
   d - Airstrike                      Air                          4
   e - Lightning Bolt                 Conjuration/Air              5
Comestibles
 d - 7 rations


   Skills:
 - Level 2.1 Fighting
 - Level 2.6 Dodging
 * Level 7.5 Unarmed Combat
 - Level 2.0 Spellcasting
 - Level 5.4 Transmutations
 - Level 1.5 Poison Magic


You had 4 spell levels left.
You knew the following spells:

 Your Spells              Type           Power        Failure   Level  Hunger
a - Beastly Appendage     Tmut           ###...       2%          1    ##.....
l - Sticks to Snakes      Tmut           ###.....     4%          2    ###....
p - Spider Form           Tmut/Pois      ##........   19%         3    ####...


Dungeon Overview and Level Annotations

Branches:
Dungeon (6/15)             Temple (1/1) D:5

Altars:
Ashenzari
Elyvilon
Hepliaklqana
Kikubaaqudgha
Okawaru
Qazlal
Ru
Sif Muna
Uskayaw
Vehumet
Wu Jian
Xom
Yredelemnul
Zin
The Shining One


Message History

There is an open door here.
Found a radiant altar of Vehumet.
You open the door.
Found a sacrificial altar of Ru.
There is an open door here.
Found a hazy altar of Hepliaklqana.
You open the door.
Found a shattered altar of Ashenzari.
You open the door.
Found a glowing silver altar of Zin.
There is an open door here.
You open the door.
Found a stormy altar of Qazlal.
There is an open door here.
You open the door.
Found an iron altar of Okawaru.
Found a white marble altar of Elyvilon.
There is an open door here.
Unknown command.
Are you sure you want to abandon this character and quit the game? (Confirm with "yes".)

#.......#.....#
#.....#.......#
........'.._..#
#.._..'.......8
#.......#.....#
#.....#.......#
#.......##...##
##...##.......# ##.......#####
#####.......## #.........####
####.........# #............#
##............#
##............##............##
#....<........@......._....#
##...........##...........##
###≈≈≈≈≈≈≈≈# ##≈≈≈≈≈≈≈≈###
####≈≈≈### ###≈≈≈#### ####
#####


There were no monsters in sight!

Vanquished Creatures
  An ogre (D:5)
  A scorpion (D:5)
  A crimson imp (D:5)
  A centaur zombie (D:5)
  3 bullfrog skeletons
  2 worker ants
  Robin (D:4)
  11 gnolls
  5 adders
  An ooze (D:4)
  A worm (D:5)
  A dart slug (D:4)
  2 leopard geckos (D:1)
  4 orcs
  6 bats (D:1)
  4 giant cockroaches
  12 goblins
  4 hobgoblins
  10 jackals
  3 kobolds (D:1)
  4 frilled lizards
  A rat (D:1)
79 creatures vanquished.

Notes
Turn   | Place    | Note
-------+----------+-------------------------------------------
     0 | D:1      | letownia2 the Merfolk Transmuter began the quest for the Orb.
     0 | D:1      | Reached XP level 1. HP: 15/15 MP: 3/3
   164 | D:1      | Reached XP level 2. HP: 20/21 MP: 1/5
   207 | D:1      | Learned a level 2 spell: Sticks to Snakes
   283 | D:1      | Reached XP level 3. HP: 17/26 MP: 4/6
   342 | D:2      | Found a glowing golden altar of the Shining One.
   342 | D:2      | Found a faded altar of an unknown god.
   348 | D:2      | Found an ancient bone altar of Kikubaaqudgha.
   350 | D:2      | Found a faded altar of an unknown god.
   351 | D:2      | Found a hide-covered altar of Uskayaw.
   432 | D:3      | Noticed an ice beast
   453 | D:2      | Learned a level 3 spell: Spider Form
   662 | D:5      | Entered Level 5 of the Dungeon
   662 | D:5      | Noticed a scorpion
   668 | D:5      | Killed a scorpion
   668 | D:5      | Reached skill level 4 in Unarmed Combat
   668 | D:5      | Reached skill level 1 in Poison Magic
   668 | D:5      | Reached XP level 4. HP: 33/33 MP: 1/7
   723 | D:4      | Reached XP level 5. HP: 38/38 MP: 4/8
   789 | D:4      | Found a shimmering altar of Xom.
   912 | D:4      | Reached skill level 5 in Transmutations
   935 | D:4      | Reached skill level 5 in Unarmed Combat
  1001 | D:4      | Reached XP level 6. HP: 38/44 MP: 6/9
  1143 | D:4      | Noticed Robin
  1164 | D:4      | Killed Robin
  1226 | D:5      | Reached skill level 6 in Unarmed Combat
  1319 | D:5      | Reached XP level 7. HP: 49/50 MP: 7/10
  1352 | D:6      | Reached skill level 7 in Unarmed Combat
  1602 | D:5      | Found a staircase to the Ecumenical Temple.
  1616 | Temple   | Entered the Ecumenical Temple
  1702 | Temple   | Quit the game

Skill      XL: |  1  2  3  4  5  6  7 |
---------------+----------------------+-----
Transmutations | 3 4 5 |  5.4
Unarmed Combat | 4 5 6 7 |  7.5
Poison Magic   | 1 |  1.5
Fighting       | 2 |  2.1
Dodging        | |  2.6
Spellcasting   | |  2.0

Action                   |  1- 3 |  4- 6 |  7- 9 || total
-------------------------+-------+-------+-------++-------
Melee: Unarmed           |    88 |   115 |    35 ||   238
       Headbutt          |    20 |       |       ||    20
       Tailslap          |     1 |       |       ||     1
       Punch             |     1 |     1 |       ||     2
 Cast: Beastly Appendage |    16 |       |       ||    16
       Spider Form       |     2 |    12 |     5 ||    19
 Stab: Sleeping          |     1 |       |       ||     1
  Eat: Chunk             |       |     4 |     2 ||     6
Armor: Robe              |    25 |     2 |       ||    27
       Skin              |       |     4 |     3 ||     7
Dodge: Dodged            |    79 |    87 |    27 ||   193
